 Dungeon Crawl Stone Soup version 0.29-a0-559-g359e09b9d1 (webtiles) character file.

Game seed: 8983559201248574480

121 Meatmasher the Charlatan (level 4, -34/32 HPs)
             Began as a Demonspawn Artificer on June 9, 2022.
             Was a Follower of Okawaru.
             Killed by an exploding adder (38 damage)
             ... ignited by their inner flame
             ... on level 3 of the Dungeon.
             The game lasted 00:15:47 (2068 turns).

Meatmasher the Charlatan (Demonspawn Artificer)     Turns: 2068, Time: 00:15:49

Health: -34/32     AC:  3    Str: 13    XL:     4   Next: 76%
Magic:  4/4        EV: 12    Int: 12    God:    Okawaru [*.....]
Gold:   60         SH:  0    Dex: 17    Spells: 3/3 levels left

rFire   . . .      SeeInvis .   r - +4 club
rCold   . . .      Faith    .   (no shield)
rNeg    . . .      Spirit   .   b - +0 leather armour
rPois   .          Reflect  .   (no helmet)
rElec   .          Harm     .   (no cloak)
rCorr   .          Rampage  .   (no gloves)
Will    .....                   (no boots)
Stlth   +++.......              (no amulet)
HPRegen 0.10/turn               (no ring)
MPRegen 0.09/turn               (no ring)

@: no status effects
A: thin skeletal structure 1, demonic touch 1
a: Renounce Religion, Heroism


You were on level 3 of the Dungeon.
You worshipped Okawaru.
Okawaru was aware of your devotion.
You visited 1 branch of the dungeon, and saw 3 of its levels.

You collected 60 gold pieces.

Inventory:

Hand Weapons
 a - a +0 club
 m - a +3 hand axe
 o - a +0 short sword
 q - a +0 mace
 r - a +4 club (weapon)
Missiles
 h - 158 stones
Armour
 b - a +0 leather armour (worn)
 i - a +0 robe
 s - a +0 robe
Wands
 c - a wand of flame (2) (quivered)
 d - a wand of charming (15)
 e - a wand of iceblast (4)
Scrolls
 j - a scroll of vulnerability {unknown}
 l - a scroll of fear {unknown}
 n - a scroll of amnesia {unknown}
 p - 2 scrolls of identify {unknown}
 t - 2 scrolls of immolation
 v - a scroll of enchant weapon {unknown}
Potions
 f - 2 potions of degeneration {unknown}
 g - a potion of brilliance {unknown}
 k - a potion of cancellation {unknown}
 u - a potion of flight {unknown}
 w - a potion of berserk rage {unknown}
 x - a potion of might {unknown}


   Skills:
 + Level 1.5 Fighting
 * Level 1.4 Maces & Flails
 * Level 0.9 Throwing
 + Level 2.1 Armour
 + Level 1.6 Dodging
 * Level 1.8 Stealth
 + Level 3.7 Evocations


You had 3 spell levels left.
You didn't know any spells.
Your spell library was empty.

Dungeon Overview and Level Annotations

Branches:
Dungeon (3/15)

Altars:
Okawaru


Innate Abilities, Weirdness & Mutations

You have a somewhat thin skeletal structure. (Dex +2, Stealth+)
Your touch may inflict minor irresistible damage on your foes.


Message History

The orc hits you with a +0 war axe.
You hit the orc but do no damage.
The orc is severely wounded.
The orc hits you with a +0 war axe!
The orc throws a boomerang.
The boomerang hits you but does no damage.
You hit the orc.
You kill the orc!
Okawaru accepts your kill.
Found 23 gold pieces and a bubbling ruby potion.
An adder comes into view.
The orc throws a boomerang.
The boomerang closely misses you.
Aiming: Throw Flame
Press: ? - help, Q - select action, (/) - cycle Shift-Dir - straight line, f - orc wizard
Aim: an orc wizard, wielding a +0 dagger and wearing a +0 robe (64% to hit)
The puff of flame misses the orc wizard.
The puff of flame hits the orc!
You kill the orc!
Okawaru accepts your kill.
The adder hisses angrily.
The orc wizard gestures at you while chanting.
The magic dart hits you!
* * * LOW HITPOINT WARNING * * *
The adder closely misses you.
As you read the scroll labelled BEDAOSTRUSSUQ, it crumbles to dust.
The creatures around you are filled with an inner flame!
It was a scroll of immolation.
The orc wizard casts a spell at you. The magic dart hits you.
* * * LOW HITPOINT WARNING * * *
The adder barely misses you. The adder closely misses you.
You hit the adder.
Flame seeps out of the adder.
The adder is heavily wounded.
The adder is engulfed in blazing flames.
Okawaru accepts your kill.
The adder explodes!
The fiery explosion engulfs you!!!
Ouch! That really hurt!
You die...

#. ## #.# ## #.
... .#
###.##.##.#
..!...$..$ ##
#..#... ..
#..§§§#.#
#..§○@..#
##.#.##.#
#......#
##.o.###
#...######
#.).......
##.####...#####
..........)!..#
...........).!..


You could see an orc wizard (inner flame).

Vanquished Creatures
  Jessica (D:2)
  An orc wizard (D:3)
  3 adders
  A worm (D:2)
  2 dart slugs (D:2)
  2 orcs (D:3)
  3 bats
  An endoplasm (D:2)
  A giant cockroach (D:2)
  8 hobgoblins
  9 jackals
  A ball python (D:1)
  2 frilled lizards (D:1)
  5 kobolds
  3 rats
43 creatures vanquished.

Notes
Turn   | Place    | Note
-------+----------+-------------------------------------------
     0 | D:1      | Meatmasher the Demonspawn Artificer began the quest for the
                  | Orb.
     0 | D:1      | Reached XP level 1. HP: 15/15 MP: 1/1
    57 | D:1      | Reached skill level 1 in Dodging
   274 | D:1      | Gained mutation: You have a somewhat thin skeletal
                  | structure. (Dex +2, Stealth+) [demonic ancestry]
   274 | D:1      | Reached XP level 2. HP: 15/21 MP: 2/2
   281 | D:1      | Found a faded altar of an unknown god.
   282 | D:1      | Noticed a floating eye
   283 | D:1      | Noticed an eye of devastation
   291 | D:1      | Noticed a golden eye
   298 | D:1      | Reached skill level 1 in Stealth
   301 | D:1      | Noticed a great orb of eyes
   308 | D:1      | Prayed at the altar of an unknown god.
   308 | D:1      | Became a worshipper of Warmaster Okawaru
   308 | D:1      | Reached * piety under Okawaru
  1224 | D:2      | Gained mutation: Your touch may inflict minor irresistible
                  | damage on your foes. [demonic ancestry]
  1224 | D:2      | Reached XP level 3. HP: 26/26 MP: 3/3
  1276 | D:2      | Noticed Jessica
  1287 | D:2      | Killed Jessica
  1288 | D:2      | Reached skill level 1 in Maces & Flails
  1288 | D:2      | Reached XP level 4. HP: 32/32 MP: 4/4
  2068 | D:3      | Killed by an exploding adder... ignited by their inner
                  | flame

Illustrated notes

Levels and vault maps discovered:
D:1:      lemuel_arrival_rhombus, layout_basic,
          hellmonk_ecumenical_altar_watching_god
D:2:      layout_basic, serial_glass, glass_columns_c, glass_columns_a,
          glass_columns_a, glass_columns_b, glass_columns_c, uniq_jessica
D:3:      layout_loops_cross

Skill      XL: |  1  2  3 |
---------------+----------+-----
Dodging        | 1 |  1.6
Stealth        | 1 |  1.8
Armour         | 2 |  2.1
Maces & Flails | 1 |  1.4
Fighting       | |  1.5
Throwing       | |  0.9
Evocations     | |  3.7

Action                   |  1- 3 |  4- 6 || total
-------------------------+-------+-------++-------
Melee: Club              |    41 |    24 ||    65
       Mace              |    24 |     2 ||    26
       Touch             |     2 |     5 ||     7
Throw: Dart              |     2 |       ||     2
       Stone             |     1 |    14 ||    15
Invok: Heroism           |       |     1 ||     1
Evoke: Wand              |    12 |     6 ||    18
  Use: Scroll            |       |     1 ||     1
 Stab: Sleeping          |     2 |       ||     2
Armor: Leather armour    |    36 |     7 ||    43
Dodge: Dodged            |    71 |    10 ||    81

Table legend: (Time is in decaauts)
 A = Elapsed time spent in this place.
 B = Non-inter-level travel time spent in this place.
 C = Inter-level travel time spent in this place.
 D = Time resting spent in this place.
 E = Time spent auto-exploring this place.
 F = Levels seen in this place.
 G = Mean time per level.
                   A        B        C        D        E       F      G
               +--------+--------+--------+--------+--------+-----+--------+
         Total |   2095 |   1721 |    374 |    256 |   1108 |   3 |  698.3 |
       Dungeon |   2095 |   1721 |    374 |    256 |   1108 |   3 |  698.3 |
               +--------+--------+--------+--------+--------+-----+--------+

Top non-repeatable levels by time:
     D:2: 1170 daAuts
     D:1: 906 daAuts
     D:3: 18 daAuts
